 Dungeon Crawl Stone Soup version 0.28.0-1-gb440e238dd (webtiles) character file.

Game seed: 11898738237976478373

7 spaghetti the Caller (level 1, -1/13 HPs)
             Began as a Demonspawn Summoner on Feb 19, 2022.
             Slain by an adder (3 damage)
             ... on level 5 of the Dungeon.
             The game lasted 00:01:24 (696 turns).

spaghetti the Caller (Demonspawn Summoner)           Turns: 696, Time: 00:01:25

Health: -1/13      AC:  2    Str:  8    XL:     1   Next: 91%
Magic:  2/3        EV: 12    Int: 16    God:
Gold:   11         SH:  0    Dex: 13    Spells: 3/4 levels left

rFire   . . .      SeeInvis .   (no weapon)
rCold   . . .      Faith    .   (no shield)
rNeg    . . .      Spirit   .   a - +0 robe
rPois   .          Reflect  .   (no helmet)
rElec   .          Harm     .   (no cloak)
rCorr   .          Rampage  .   (no gloves)
Will    .....                   (no boots)
Stlth   ++........              (no amulet)
HPRegen 0.04/turn               (no ring)
MPRegen 0.08/turn               (no ring)

@: mighty, attractive, hasted, very quick
A: no striking features
a: no special abilities


You were on level 5 of the Dungeon.
You visited 1 branch of the dungeon, and saw 5 of its levels.

You collected 11 gold pieces.

Inventory:

Armour
 a - a +0 robe (worn)
Scrolls
 c - a scroll of identify {unknown}
Potions
 b - a potion of haste


   Skills:
 - Level 1.7 Dodging
 - Level 1.7 Stealth
 + Level 2.3 Spellcasting
 + Level 4.2 Summonings


You had 3 spell levels left.
You knew the following spells:

 Your Spells              Type           Power      Damage    Failure   Level
a - Summon Small Mammal   Summ           60%        N/A       3%          1

Your spell library contained the following spells:

 Spells                   Type           Power      Damage    Failure   Level
 Call Imp                 Summ           15%        N/A       5%          2
 Call Canine Familiar     Summ           15%        N/A       11%         3
 Summon Guardian Golem    Hex/Summ       8%         N/A       26%         3
 Summon Lightning Spire   Summ/Air       8%         N/A       63%         4


Dungeon Overview and Level Annotations

Branches:
Dungeon (5/15)
 Temple: D:4-7

Altars:


Message History

The jackal is attracted toward you. x2
The jackal is attracted toward you.
There is a stone staircase leading down here.
The jackal completely misses you.
You climb downwards.
The adder barely misses you.
There is a stone staircase leading up here.
Unknown command.
Okay, then.
Unknown command.
As you read the scroll labelled TEELA KAUTO, it crumbles to dust.
You feel aware of your surroundings.
You sensed 1 shop/portal.
It was a scroll of magic mapping.
The jackal misses you.
Blink to where?
Press: ? - help, Dir - move target
Found a stone staircase leading down.
As you read the scroll labelled RIAMOTRATHO, it crumbles to dust.
It was a scroll of blinking.
The adder is attracted toward you. The jackal is attracted toward you.
The adder is attracted toward you. The jackal is attracted toward you.
A goblin and a scorpion come into view.
The goblin is attracted toward you. The scorpion is attracted toward you.
There is a stone staircase leading down here.
Magic restored.
The adder barely misses you. The jackal is attracted toward you.
The scorpion is attracted toward you. The goblin is attracted toward you.
You climb downwards.
You hear the hiss of flowing sand.
There is an entrance to an ossuary on this level.
Hurry and find it before the portal is buried!
There is a stone staircase leading up here.
Unknown command.
Unknown command.
Casting: Summon Small Mammal (safe; 3% risk of failure)
Confirm with . or Enter, or press ? or * to list all spells.
You don't know that spell.
Okay, then.
Casting: Summon Small Mammal (safe; 3% risk of failure)
Confirm with . or Enter, or press ? or * to list all spells.
The adder barely misses you.
You closely miss the adder. The adder bites you.
You die...

# . ##.
#..## ..r
#.#S####
#...@..#
###.##...#
#. ..# ##
##


You could see an adder (ally target) and a friendly quokka (summoned).

Vanquished Creatures
  2 rats
2 creatures vanquished.

Vanquished Creatures (collateral kills)
  An endoplasm (D:3)
  A giant cockroach (D:2)
  A goblin (D:3)
  A bat (D:1)
  2 rats (D:2)
6 creatures vanquished.

Grand Total: 8 creatures vanquished

Notes
Turn   | Place    | Note
-------+----------+-------------------------------------------
     0 | D:1      | spaghetti the Demonspawn Summoner began the quest for the
                  | Orb.
     0 | D:1      | Reached XP level 1. HP: 13/13 MP: 3/3
   616 | D:3      | Noticed an ogre
   692 | D:4      | Noticed a scorpion
   694 | D:5      | Entered Level 5 of the Dungeon
   696 | D:5      | Slain by an adder

Illustrated notes

Levels and vault maps discovered:
D:1:      beargit_arrival_greenhouse, layout_basic
D:2:      layout_basic, basic_altar, hangedman_abyss_or_decor_stabs
D:3:      layout_loops_cross, dreamdust_ecumenical_altar_statues,
          gammafunk_ghost_arena, grunt_ministairs_8,
          chequers_serial_rivers_micro_e, minmay_misc_feat_tiny
D:4:      layout_cave_pools, serial_shops, shop, uniq_robin
D:5:      layout_loops_cross, xom_teletrap_fun, enter_ossuary_4

Action                   || total
-------------------------++-------
Melee: Unarmed           ||    23
 Cast: Summon Small Mamm ||    12
  Use: Potion            ||     3
       Scroll            ||     2
Armor: Robe              ||     7
Dodge: Dodged            ||    29
